 Dungeon Crawl Stone Soup version 0.21.1-1-g345015f (webtiles) character file.

64 empire the Conjurer (level 3, -1/19 HPs)
             Began as a Deep Elf Conjurer on June 21, 2018.
             Slain by tidbits's ghost (5 damage)
             ... on level 3 of the Dungeon.
             The game lasted 00:05:15 (2084 turns).

empire the Conjurer (Deep Elf Conjurer)             Turns: 2084, Time: 00:05:16

Health: -1/19      AC:  2    Str:  6    XL:     3   Next: 91%
Magic:  5/9        EV: 13    Int: 19    God:
Gold:   91         SH:  0    Dex: 15    Spells: 2/8 levels left

rFire    . . .     SeeInvis .   b - +1 short sword (curse)
rCold    . . .     Gourm    .   (no shield)
rNeg     . . .     Faith    .   d - +0 robe
rPois    .         Spirit   .   (no helmet)
rElec    .         Reflect  .   (no cloak)
rCorr    .         Harm     .   (no gloves)
MR       .....     Rnd*Tele +   (no boots)
Stlth    +.........             k - amulet of regeneration
HPRegen  0.46/turn              g - ring of teleportation (curse)
MPRegen  0.11/turn              i - ring of loudness (curse)

@: no status effects
A: no striking features
a: no special abilities


You were on level 3 of the Dungeon.
You were hungry.

You visited 1 branch of the dungeon, and saw 3 of its levels.

You collected 91 gold pieces.

Inventory:

Hand Weapons
 a - a +0 dagger
 b - a cursed +1 short sword (weapon)
 f - a +0 long sword
Armour
 d - a +0 robe (worn)
Jewellery
 g - a cursed ring of teleportation (left hand)
 i - a cursed ring of loudness (right hand)
 k - an amulet of regeneration (around neck)
Scrolls
 l - a scroll of enchant weapon
 n - a scroll of fog
 o - a scroll of amnesia {unknown}
Potions
 e - a potion of might
 m - a potion of haste {unknown}
Books
 h - a book of Conjurations

   Spells                             Type                      Level
   a - Magic Dart                     Conjuration                  1
   b - Searing Ray                    Conjuration                  2
   c - Dazzling Spray                 Conjuration/Hexes            3
   d - Fulminant Prism                Conjuration/Hexes            4
   e - Force Lance                    Conjuration/Translocation    4
   f - Iskenderun's Mystic Blast      Conjuration                  4
 j - a book of Cantrips

   Spells                             Type                      Level
   a - Confusing Touch                Hexes                        1
   b - Animate Skeleton               Necromancy                   1
   c - Summon Small Mammal            Summoning                    1
   d - Apportation                    Translocation                1
Comestibles
 c - 6 rations


   Skills:
 - Level 3.3 Dodging
 - Level 2.4 Stealth
 - Level 3.0 Spellcasting
 - Level 5.0 Conjurations
 + Level 2.8 Hexes


You had 2 spell levels left.
You knew the following spells:

 Your Spells              Type           Power        Failure   Level  Hunger
a - Magic Dart            Conj           ###.         1%          1    None
b - Searing Ray           Conj           ###...       3%          2    ##.....
c - Dazzling Spray        Conj/Hex       ###...       9%          3    ###....


Dungeon Overview and Level Annotations

Branches:
Dungeon (3/15)

Altars:
Hepliaklqana
Makhleb
Qazlal
Trog
Xom

Annotations:
D:3 tidbits's ghost, weakling GnTm


Message History

Aiming: Searing Ray
Press: ? - help, Shift-Dir - straight line, f - orc
Aim: an orc, wielding a club and wearing a leather armour The searing ray hits the orc.
The orc is heavily wounded. (Press . to maintain the ray.) Tidbits's ghost hits you!
Ouch! That really hurt!
* * * LOW HITPOINT WARNING * * *
Casting: Searing Ray
Confirm with . or Enter, or press ? or * to list all spells.
Aiming: Searing Ray
Press: ? - help, Shift-Dir - straight line, f/p - orc
Aim: an orc, wielding a club and wearing a leather armour (heavily wounded)
The searing ray hits the orc.
You kill the orc! (Press . to maintain the ray.) Tidbits's ghost whispers, "Meet the emptiness of death!"
Tidbits's ghost hits you.
You die...

#....#.#.#.....#
#....#.#<.......
#..........#..
##.##.......#
#.........###
#............
#.........###
#....)....#
#...@W....#
#...........
#.?..##.....#
#....# .....#
###### .....
.... ###


You could see tidbits's ghost.

Vanquished Creatures
  2 oozes (D:1)
  A worm (D:2)
  2 dart slugs
  A leopard gecko (D:2)
  An orc (D:3)
  2 giant cockroaches
  6 goblins
  6 hobgoblins
  7 jackals
  3 bats
  A frilled lizard (D:1)
  4 kobolds
  9 rats
45 creatures vanquished.

Notes
Turn   | Place    | Note
-------+----------+-------------------------------------------
     0 | D:1      | empire the Deep Elf Conjurer began the quest for the Orb.
     0 | D:1      | Reached XP level 1. HP: 10/10 MP: 6/6
   381 | D:1      | Reached skill level 5 in Conjurations
   381 | D:1      | Reached XP level 2. HP: 15/15 MP: 5/8
   503 | D:1      | Reached XP level 3. HP: 18/19 MP: 1/9
   627 | D:1      | Learned a level 2 spell: Searing Ray
   631 | D:1      | Learned a level 3 spell: Dazzling Spray
  1047 | D:2      | Reached skill level 1 in Hexes
  1278 | D:2      | Found a bloodstained altar of Trog.
  1279 | D:2      | Noticed a moth of wrath
  1450 | D:2      | Found a shimmering altar of Xom.
  1451 | D:2      | Found a hazy altar of Hepliaklqana.
  1451 | D:2      | Noticed an insubstantial wisp
  1452 | D:2      | Noticed an insubstantial wisp
  1452 | D:2      | Noticed a spectral ugly thing
  1861 | D:2      | Found a stormy altar of Qazlal.
  1910 | D:2      | Found a burning altar of Makhleb.
  2077 | D:3      | Noticed tidbits's ghost (weakling GnTm)
  2084 | D:3      | Slain by tidbits's ghost

Skill      XL: |  1  2  3 |
---------------+----------+-----
Conjurations   | 5 |  5.0
Dodging        | 3 |  3.3
Hexes          | 2 |  2.8
Stealth        | |  2.4
Spellcasting   | |  3.0

Action                   || total
-------------------------++-------
Melee: Dagger            ||    16
       Short sword       ||    40
 Cast: Magic Dart        ||    64
       Searing Ray       ||     4
  Use: Scroll            ||     4
       Potion            ||     3
 Stab: Sleeping          ||     2
  Eat: Chunk             ||     3
Armor: Robe              ||     9
Dodge: Dodged            ||    60
